 Dungeon Crawl Stone Soup version 0.32-a0-886-g41c5271027 (webtiles) character file.

Game seed: 14150784480558069078

3133 ezpacito the Trooper (level 9, -1/68 HPs)
             Began as a Coglin Chaos Knight on Apr 2, 2024.
             Was a Plaything of Xom.
             Succumbed to a hornet's poison
             ... on level 7 of the Dungeon.
             The game lasted 00:09:26 (6365 turns).

ezpacito the Trooper (Coglin Chaos Knight)          Turns: 6365, Time: 00:09:27

Health: -1/68      AC: 11    Str: 17    XL:     9   Next: 92%
Magic:  12/12      EV:  8    Int: 12    God:    Xom [....*.]
Gold:   395        SH:  0    Dex: 13    Spells: 0/12 levels left

rFire   . . .        a - +0 hand axe (chaos) {Edwyna}
rCold   . . .        j - +2 whip (venom) {Jia}
rNeg    . . .        x - +0 chain mail
rPois   .            p - +1 helmet
rElec   .            g - scarf {repulsion}
rCorr   .            (no gloves)
SInv    .            (no boots)
Will    .....        (amulet unavailable) Stlth
                     (ring unavailable)
HPRegen 0.31/turn    (ring unavailable)
MPRegen 0.13/turn    (no gizmo)

%: repel missiles, clarity
@: lethally poisoned (-1 -> -11), hasted and slowed
A: off-hand wielding, slow wielding, warmup strikes, no jewellery, camouflage 1,
clarity, inability to drink after injury 1, noise suppression
a: Invent Gizmo, Renounce Religion


You were on level 7 of the Dungeon.
You worshipped Xom.
You were a beloved toy of Xom.
You visited 2 branches of the dungeon, and saw 8 of its levels.

You collected 395 gold pieces.

Inventory:

Hand Weapons
 a - a +0 hand axe of chaos (weapon) {Edwyna}
 d - a +0 trident
 j - a +2 whip of venom (offhand) {Jia}
 u - a +0 war axe
Missiles
 o - 4 javelins (quivered)
Armour
 g - a scarf of repulsion (worn)
 m - a +0 plate armour
 p - a +1 helmet (worn)
 q - a +2 hat
 x - a +0 chain mail (worn)
Magical Staves
 t - a staff of alchemy
 A - a staff of death
Wands
 b - a wand of warping (14)
 k - a wand of flame (32)
Scrolls
 c - a scroll of fear {unknown}
 e - a scroll of noise
 f - a scroll of enchant armour {unknown}
 i - a scroll of identify
 n - 2 scrolls of teleportation {unknown}
 s - a scroll of fog {unknown}
 v - a scroll of silence {unknown}
 w - a scroll of amnesia {unknown}
 y - 2 scrolls of brand weapon {unknown}


   Skills:
 * Level 5.5 Fighting
 * Level 5.4(6.2) Axes
 * Level 4.1(5.3) Polearms
 * Level 4.7 Armour
 * Level 4.2 Dodging
 + Level 2.5 Stealth
 + Level 2.4 Spellcasting
 + Level 2.5 Conjurations
 + Level 0.5 Summonings
 + Level 2.8 Necromancy
 + Level 1.9 Translocations
 + Level 2.2 Air Magic
 + Level 2.8 Alchemy
 + Level 3.4 Evocations


You couldn't memorise any spells.
You knew the following spells:

 Your Spells              Type           Power      Damage    Failure   Level
a - Magic Dart            Conj           28%        1d4       65%         1
b - Shock                 Conj/Air       28%        1d4       67%         1
c - Sting                 Conj/Alch      28%        1d4       63%         1
d - Necrotise             Necr           32%        1d5       63%         1
e - Mercury Vapours       Alch/Air       14%        N/A       80%         2
f - Lesser Beckoning      Tloc           12%        N/A       86%         2
g - Summon Small Mammal   Summ           8%         N/A       90%         1
x - Mephitic Cloud        Conj/Alch/Air  7%         N/A       95%         3

Your spell library contained the following spells:

 Spells                   Type           Power      Damage    Failure   Level
 Apportation              Tloc           12%        N/A       75%         1
 Searing Ray              Conj           14%        2d5       80%         2
 Static Discharge         Conj/Air       14%        3-4/arc   82%         2
 Vampiric Draining        Necr           8%         2d6       94%         3
 Swiftness                Air            6%         N/A       96%         3
 Maxwell's Portable Pile  Tloc           6%         2d(5-15)  98%         3
 Teleport Other           Tloc           6%         N/A       98%         3
 Airstrike                Air            3%         2d(1-17)  100%        4
 Cause Fear               Hex            0%         N/A       100%        4
 Fulminant Prism          Conj/Alch      3%         3d5       100%        4
 Ignite Poison            Fire/Alch      4%         N/A       100%        4
 Martyr's Knell           Necr/Summ      5%         N/A       100%        4
 Olgreb's Toxic Radiance  Alch           8%         N/A       100%        4
 Summon Lightning Spire   Summ/Air       4%         N/A       100%        4
 Curse of Agony           Necr           8%         N/A       100%        5
 Fireball                 Conj/Fire      2%         3d4       100%        5
 Freezing Cloud           Conj/Ice/Air   2%         6-21      100%        5
 Irradiate                Conj/Alch      3%         3d12      100%        5
 Dragon's Call            Summ           1%         N/A       100%        9


Dungeon Overview and Level Annotations

Branches:
Dungeon (7/15)             Temple (1/1) D:4

Altars:
Ashenzari
Cheibriados
Dithmenos
Fedhas
Gozag
Hepliaklqana
Kikubaaqudgha
Makhleb
Nemelex Xobeh
Okawaru
Qazlal
Ru
Trog
Uskayaw
Vehumet
Wu Jian
Xom
Yredelemnul
Zin
The Shining One

Shops:
D:4 (


Innate Abilities, Weirdness & Mutations

You can wield a second weapon in your off-hand.
It takes a long time for you to wield or remove held weapons.
Your first few attacks do less damage.
You cannot equip rings or amulets.
Your skin changes colour to match your surroundings (Stealth+).
You possess an exceptional clarity of mind.
You occasionally lose the ability to drink potions when taking damage.
You passively dampen the noise of your surroundings.


Message History

The kobold hits you but does no damage.
A kobold comes into view. It is wielding a +0 dagger.
The kobold hits you but does no damage.
The kobold brigand hits you with a +0 club.
The hornet stings you!
* * * LOW HITPOINT WARNING * * *
You are lethally poisoned!
You feel as though you will be slow longer.
The kobold hits you but does no damage. The kobold brigand misses you.
The kobold closely misses you.
You take 22 damage, and have 20/68 hp.
MASSIVE DAMAGE!!
Blink to where?
Press: ? - help, Dir - move target
As you read the scroll labelled KUMAOBUMESS, it crumbles to dust.
It was a scroll of blinking.
B - a scroll of blinking
* * * LOW HITPOINT WARNING * * *
You feel extremely sick.
You take 7 damage, and have 13/68 hp.
You aren't carrying any potions.
Blink to where?
Press: ? - help, Dir - move target
As you read the scroll of blinking, it crumbles to dust.
* * * LOW HITPOINT WARNING * * *
You feel very sick.
You take 5 damage, and have 8/68 hp.
Okay, then.
You aren't carrying any potions.
Okay, then.
The air fills with toxic fumes!
As you read the scroll labelled XOHOSI HAOSHEVE {god gift}, it crumbles to dust.
It was a scroll of poison.
* * * LOW HITPOINT WARNING * * *
You feel very sick.
You take 3 damage, and have 5/68 hp.
* * * LOW HITPOINT WARNING * * *
You feel very sick.
You take 3 damage, and have 2/68 hp.
You die...
Xom roars with laughter!

................####..........
.........§§§§§§§###.§§§....>##
.........§§§§§§§§###§§......#
.........§§§§§§§§§§§§.....###
.........§§§§§§§§§§§#..#..#
.........§§§§§§§§§§§#.....#
.........§§§§§§§§§§§##§§###
....#....§§§§§§§§§§§§§§§###
....#.#..###§§§§@§§§§§§§..###
#.#.#.#..#§§§§§§§§§§§§§§....###
.......#.§§§§§§§§§§§§§§§......#
#.#.#.#..##§§§§§§§§§§§§§.......
.........§§§§§§§§§§§§§§§......#
#.#.#.#..§§§§§§§§§§§§§§§....#.#
.........§§§§§§§§§§§§§§§##..###
#.#.#.#..#§§§§§§§§§§#§§§#....#
#...####.##...#...####......##


There were no monsters in sight!

Vanquished Creatures
  Prince Ribbit (D:5)
  Sigmund (D:5)
  5 humans (D:6)
  A steam dragon (D:7)
  3 water moccasins
  A black bear (D:3)
  A sky beast (D:7)
  An ice beast (D:7)
  Blork the orc (D:5)
  2 bullfrogs
  A scorpion (D:7)
  3 wights (D:4)
  A killer bee (D:5)
  A howler monkey (D:5)
  2 bombardier beetles
  6 hounds
  A gnoll bouda (D:7)
  3 orc priests
  Ijyb (D:5)
  3 iguanas
  5 orc wizards
  Robin (D:2)
  17 adders
  8 gnolls
  2 shadow imps
  A white imp (D:5)
  4 ufetubi
  A ribbon worm (D:3)
  4 dart slugs
  13 orcs
  4 bats
  12 endoplasms
  6 giant cockroaches
  10 goblins
  12 hobgoblins
  11 jackals
  8 quokkas
  12 ball pythons
  3 frilled lizards
  6 kobolds
  2 rats (D:1)
181 creatures vanquished.

Vanquished Creatures (collateral kills)
  A quokka (D:2)
1 creature vanquished.

Grand Total: 182 creatures vanquished

Notes
Turn   | Place    | Note
-------+----------+-------------------------------------------
     0 | D:1      | ezpacito the Coglin Chaos Knight began the quest for the
                  | Orb.
     0 | D:1      | Reached XP level 1. HP: 18/18 MP: 1/1
    23 | D:1      | Reached skill level 1 in Dodging
    49 | D:1      | Reached XP level 2. HP: 23/24 MP: 2/2
   179 | D:1      | Found a faded altar of an unknown god.
   276 | D:1      | Reached skill level 1 in Polearms
   377 | D:1      | XOM: divination: detect creatures
   381 | D:1      | Reached XP level 3. HP: 24/29 MP: 3/3
   429 | D:1      | XOM: 1-stop teleportation journey
   595 | D:1      | XOM: cloud trail
  1011 | D:2      | Found a radiant altar of Vehumet.
  1120 | D:2      | XOM: confuse monster(s)
  1140 | D:2      | XOM: cast spell 'Monstrous Menagerie'
  1143 | D:2      | Reached XP level 4. HP: 33/35 MP: 4/4
  1323 | D:2      | XOM: god gift: plate armour {god gift}
  1438 | D:2      | Got the Almanac of the Scintillating Arsonist
  1643 | D:2      | Learned a level 1 spell: Magic Dart
  1645 | D:2      | Learned a level 1 spell: Shock
  1647 | D:2      | Learned a level 1 spell: Sting
  1762 | D:2      | Noticed Robin
  1779 | D:2      | Killed Robin
  2042 | D:2      | Reached XP level 5. HP: 41/41 MP: 5/5
  2045 | D:2      | Learned a level 1 spell: Necrotise
  2210 | D:3      | Found a shadowy altar of Dithmenos.
  2411 | D:3      | Noticed a black bear
  2421 | D:3      | XOM: noise
  2426 | D:3      | Killed a black bear
  2427 | D:3      | Reached skill level 1 in Stealth
  2427 | D:3      | Reached skill level 1 in Evocations
  2427 | D:3      | Reached XP level 6. HP: 23/47 MP: 5/7
  2489 | D:3      | XOM: draining
  2565 | D:3      | Reached skill level 1 in Spellcasting
  2647 | D:3      | XOM: give mutations
  2647 | D:3      | Gained mutation: You are partially covered in iridescent
                  | scales. (AC +2) [Xom's mischief]
  2647 | D:3      | Gained mutation: Your spells are a little easier to cast,
                  | but a little less powerful. [Xom's mischief]
  2660 | D:3      | XOM: give mutations
  2660 | D:3      | Gained mutation: You are dopey. (Int -2) [Xom's mischief]
  2660 | D:3      | Gained mutation: You passively dampen the noise of your
                  | surroundings. [Xom's mischief]
  2660 | D:3      | Gained mutation: You occasionally lose the ability to drink
                  | potions when taking damage. [Xom's mischief]
  2747 | D:3      | Found a glowing golden altar of the Shining One.
  2997 | D:4      | Found Begixuf's Antique Weapon Emporium.
  3043 | D:4      | XOM: silly message
  3058 | D:4      | XOM: summons 4 hostile shadow creatures
  3081 | D:4      | Found a staircase to the Ecumenical Temple.
  3170 | Temple   | Entered the Ecumenical Temple
  3195 | D:4      | Reached skill level 1 in Conjurations
  3197 | D:4      | Reached skill level 1 in Necromancy
  3197 | D:4      | Reached skill level 1 in Alchemy
  3197 | D:4      | Reached XP level 7. HP: 30/53 MP: 8/8
  3200 | D:4      | HP: 2/53 [wight/+4 great sword of freezing (3)]
  3267 | D:4      | XOM: summons 3 hostile shadow creatures
  3412 | D:4      | XOM: torment (28/53 hp)
  3700 | D:4      | Lost mutation: You are dopey. (Int -2) [potion of mutation]
  3700 | D:4      | Lost mutation: Your spells are a little easier to cast, but
                  | a little less powerful. [potion of mutation]
  3700 | D:4      | Lost mutation: You are partially covered in iridescent
                  | scales. (AC +2) [potion of mutation]
  3700 | D:4      | Gained mutation: Your skin changes colour to match your
                  | surroundings (Stealth+). [potion of mutation]
  3700 | D:4      | Gained mutation: You possess an exceptional clarity of
                  | mind. [potion of mutation]
  3727 | D:5      | XOM: stealth player
  3727 | D:5      | Entered Level 5 of the Dungeon
  3743 | D:5      | Noticed Sigmund
  3743 | D:5      | XOM: 2-stop teleportation journey
  3747 | D:5      | Killed Sigmund
  3748 | D:5      | Reached skill level 1 in Air Magic
  3763 | D:5      | Learned a level 2 spell: Mercury Vapours
  3819 | D:5      | Learned a level 2 spell: Lesser Beckoning
  3942 | D:5      | XOM: smoke on damage
  3946 | D:5      | Reached XP level 8. HP: 48/60 MP: 10/10
  4021 | D:5      | XOM: chaos cloud
  4143 | D:5      | XOM: 5-stop teleportation journey
  4153 | D:5      | Noticed Prince Ribbit
  4167 | D:5      | Killed Prince Ribbit
  4231 | D:5      | Noticed Blork the orc
  4241 | D:5      | Killed Blork the orc
  4242 | D:5      | XOM: enchant monster (good)
  4352 | D:5      | XOM: scenery: create altars
  4375 | D:5      | Noticed Ijyb
  4383 | D:5      | Found a bloodstained altar of Trog.
  4412 | D:5      | Killed Ijyb
  4508 | D:5      | Reached skill level 1 in Translocations
  4522 | D:5      | XOM: enchant monster (bad)
  4529 | D:5      | Found an iron altar of Okawaru.
  4661 | D:5      | Found a hide-covered altar of Uskayaw.
  4661 | D:5      | Found a faded altar of an unknown god.
  4667 | D:5      | Found a faded altar of an unknown god.
  4669 | D:5      | Found an opulent altar of Gozag.
  4671 | D:5      | Found a radiant altar of Vehumet.
  5016 | D:6      | XOM: silly message
  5019 | D:6      | Reached XP level 9. HP: 49/67 MP: 10/12
  5119 | D:6      | XOM: potion effect (might)
  5120 | D:6      | Reached skill level 5 in Fighting
  5120 | D:6      | Reached skill level 5 in Axes
  5125 | D:6      | HP: 5/102 [human (1)]
  5558 | D:6      | XOM: god gift: scroll labelled XOHOSI HAOSHEVE {god gift}
  5956 | D:6      | XOM: divination: magic mapping
  6054 | D:6      | Learned a level 1 spell: Summon Small Mammal
  6058 | D:6      | Learned a level 3 spell: Mephitic Cloud
  6066 | D:7      | XOM: potion effect (invisibility)
  6132 | D:7      | XOM: divination: detect creatures
  6178 | D:7      | XOM: destruction
  6232 | D:7      | XOM: 3-stop teleportation journey
  6236 | D:7      | XOM: god gift: staff of death
  6352 | D:7      | Noticed a hornet
  6356 | D:7      | Paralysed by a hornet for 3 turns
  6364 | D:7      | HP: 2/68 [poisoned by a hornet]
  6365 | D:7      | Succumbed to a hornet's poison

Illustrated notes

Levels and vault maps discovered:
D:1:      orjb1_lava_funnel, layout_basic, serial_glass, glass_columns_a,
          glass_columns_c, ebering_ecumenical_altar_hall, minivault_14
D:2:      layout_basic, basic_altar, minivault_5, kennysheep_potato, uniq_robin
D:3:      layout_basic, nicolae_dithmenos_shadow_blocks,
          nicolae_overflow_hidden_temple
D:4:      layout_cave_pools, minmay_temple_entry_arrows, serial_shops,
          nicolae_shop_scrapyard, minmay_fountain_box
D:5:      minmay_chambers_of_fours, layout_basic, mainiacjoe_overflow_two_lobes,
          chequers_temple_overflow_minitemple,
          minmay_a_box_with_orc_wizards_in_it, uniq_ijyb, uniq_prince_ribbit1,
          uniq_blork_the_orc, uniq_sigmund
D:6:      layout_cave_pools, serial_co_window_serial, co_window_paths_a,
          co_window_of_opportunity_a, co_window_paths_a, co_window_paths_a,
          co_window_paths_b, co_window_cross_3, co_window_corner_b,
          co_window_corner_b, co_window_4corner_b, co_window_sun,
          glass_columns_a, glass_columns_a, glass_columns_c, minmay_ruffians
D:7:      layout_cave_pools, hellmonk_sif_muna_bookshelves, st_stairs_12
Temple:   nicolae_temple_slightly_damp_pantheon

Skill      XL: |  1  2  3  4  5  6  7  8  9 |
---------------+----------------------------+-----
Dodging        | 1 2 3 4 |  4.2
Armour         | 2 3 4 |  4.7
Polearms       | 1 2 3 4 |  4.1
Stealth        | 1 2 |  2.5
Evocations     | 1 2 3 |  3.4
Spellcasting   | 1 2 |  2.4
Conjurations   | 1 2 |  2.5
Necromancy     | 1 2 |  2.8
Alchemy        | 1 2 |  2.8
Fighting       | 4 5 |  5.5
Axes           | 4 5 |  5.4
Air Magic      | 1 2 |  2.2
Translocations | 1 |  1.9
Summonings     | |  0.5

Action                     |  1- 3 |  4- 6 |  7- 9 || total
---------------------------+-------+-------+-------++-------
  Melee: Hand axe          |    61 |   131 |   237 ||   429
         Dagger            |    56 |    33 |       ||    89
         Whip              |       |    97 |   229 ||   326
  Evoke: Wand              |       |       |     3 ||     3
    Use: Scroll            |       |     1 |     8 ||     9
         Potion            |       |     1 |    11 ||    12
   Stab: Confused          |     2 |     3 |       ||     5
         Sleeping          |     1 |     2 |     1 ||     4
         Held in net/web   |       |     1 |       ||     1
         Paralysed         |       |     1 |       ||     1
         Petrified         |       |       |     4 ||     4
         Petrifying        |       |       |     2 ||     2
         Invisible         |       |       |     8 ||     8
 Armour: Leather armour    |    31 |    95 |    39 ||   165
         Chain mail        |       |       |   213 ||   213
         Skin              |       |       |     5 ||     5
  Dodge: Dodged            |    26 |    82 |   103 ||   211
         Repelled          |     3 |     2 |     6 ||    11

Table legend: (Time is in decaauts)
 A = Elapsed time spent in this place.
 B = Non-inter-level travel time spent in this place.
 C = Inter-level travel time spent in this place.
 D = Time resting spent in this place.
 E = Time spent auto-exploring this place.
 F = Levels seen in this place.
 G = Mean time per level.
                   A        B        C        D        E       F      G
               +--------+--------+--------+--------+--------+-----+--------+
         Total |   6359 |   6093 |    266 |    410 |   4513 |   8 |  794.9 |
       Dungeon |   6357 |   6091 |    266 |    410 |   4513 |   7 |  908.1 |
        Temple |      1 |      1 |      0 |      0 |      0 |   1 |    1.0 |
               +--------+--------+--------+--------+--------+-----+--------+

Top non-repeatable levels by time:
     D:5: 1181 daAuts
     D:2: 1152 daAuts
     D:6: 1138 daAuts
     D:1: 1009 daAuts
     D:4: 807 daAuts
     D:3: 769 daAuts
     D:7: 299 daAuts
  Temple: 1 daAuts
